 Dungeon Crawl Stone Soup version 0.17-a0-1954-g0dddeaa (webtiles) character file.

179 kosy22 the Shield-Bearer (level 5, -3/46 HPs)
             Began as a Draconian Fighter on Oct 4, 2015.
             Killed from afar by an orc wizard (6 damage)
             ... with a magic dart
             ... on level 4 of the Dungeon.
             The game lasted 00:08:09 (3354 turns).

kosy22 the Shield-Bearer (Draconian Fighter)        Turns: 3354, Time: 00:08:10

Health: -3/46      AC:  5    Str: 24    XL:     5   Next: 32%
Magic:  0/5        EV: 17    Int: 14    God:
Gold:   113        SH: 10    Dex: 15    Spells: 0 memorised, 4 levels left

rFire  + . .     SeeInvis .     a - +0 war axe
rCold  + . .     Clarity  .     (armour unavailable)
rNeg   . . .     SustAt   .     b - +0 shield
rPois  +         Gourm    .     (helmet restricted)
rElec  +         Spirit   +     (no cloak)
rCorr  +         Warding  .     (no gloves)
rMut   .         Stasis   .     (no boots)
MR     .....                    u - amulet of guardian spirit {eee}
Stlth  ++........               (no ring)
                                d - +5 ring of strength

@: brilliant, agile, about to teleport, resistant, very slightly contaminated,
not resistant to hostile enchantments, unstealthy
A: unfitting armour, cold-blooded, AC +5
a: no special abilities


You were on level 4 of the Dungeon.
You were not hungry.

You visited 1 branch of the dungeon, and saw 4 of its levels.

You collected 113 gold pieces.

Inventory:

Hand weapons
 a - a +0 war axe (weapon)
 m - a +2 whip of venom
Armour
 b - a +0 shield (worn)
Jewellery
 d - a +5 ring of strength (left hand)
 u - an amulet of guardian spirit (around neck) {eee}
Scrolls
 e - 3 scrolls of remove curse
 f - a scroll of identify
Potions
 c - a potion of might
 k - a potion of invisibility


   Skills:
 + Level 3.8 Fighting
 + Level 3.0 Axes
 + Level 4.0 Dodging
 + Level 0.4 Stealth
 + Level 4.0 Shields


You had 4 spell levels left.
You didn't know any spells.

Dungeon Overview and Level Annotations

Branches:
Dungeon (4/15)
 Temple: D:4-7

Altars:
Cheibriados
Kikubaaqudgha
Qazlal
Sif Muna
Zin


Innate Abilities, Weirdness & Mutations

Your plain brown scales are hard (AC +5).
Your body does not fit into most forms of armour.
You are cold-blooded and may be slowed by cold attacks.


Message History

You feel yourself speed up. The orc wizard hits you with a dagger.
* * * LOW HITPOINT WARNING * * *
The orc wizard mumbles some strange words.
The orc wizard blinks!
The orc wizard barely misses you.
There is a stone staircase leading down here.
The orc wizard hits you with a dagger.
* * * LOW HITPOINT WARNING * * *
Read which item? (? for menu, Esc to quit)
Blink to where?
Press: ? - help, Dir - move target cursor
As you read the scroll labeled FURHAK FOSI, it crumbles to dust.
It was a scroll of blinking.
Read which item? (? for menu, Esc to quit)
As you read the scroll labeled REUC QOGUEMIGUV, it crumbles to dust.
You feel strangely unstable.
It was a scroll of teleportation.
The orc wizard casts a spell at you. The magic dart hits you!
You die...

####### #..@..# ##..#### ####..##
###.....# #§..##.##
########§####o###
....)..§§§o§o.#.# *
.####..§§######.######***********
.......§§§.(o.o)......,,,,,,,,,,,


You could see an orc priest and an orc wizard.

Vanquished Creatures
  An orc priest (D:3)
  2 worker ants
  4 adders
  3 worms
  2 giant geckos
  4 orcs (D:3)
  2 bats
  4 giant cockroaches
  6 hobgoblins
  3 quokkas (D:2)
  A ball python (D:4)
  A giant newt (D:2)
  5 goblins
  8 kobolds
  12 rats
58 creatures vanquished.

Vanquished Creatures (others)
  An orc (D:4)
1 creature vanquished.

Grand Total: 59 creatures vanquished

Notes
Turn   | Place    | Note
--------------------------------------------------------------
     0 | D:1      | kosy22 the Draconian Fighter began the quest for the Orb.
     0 | D:1      | Reached XP level 1. HP: 19/19 MP: 1/1
   118 | D:1      | Reached XP level 2. HP: 24/26 MP: 2/2
   663 | D:2      | Reached XP level 3. HP: 20/31 MP: 3/3
  1088 | D:2      | Found an ancient bone altar of Kikubaaqudgha.
  1487 | D:2      | Found a snail-covered altar of Cheibriados.
  1502 | D:2      | Found a deep blue altar of Sif Muna.
  1518 | D:2      | Found a stormy altar of Qazlal.
  1998 | D:3      | Reached XP level 4. HP: 23/38 MP: 2/4
  2498 | D:3      | Reached skill level 4 in Shields
  2556 | D:3      | Found a glowing silver altar of Zin.
  2812 | D:3      | Reached XP level 5. HP: 46/46 MP: 5/5
  3354 | D:4      | Killed from afar by an orc wizard

Vault maps used:
D:1:      onia_arrival_mini_spirals, fountainhead
D:2:      lemuel_doored_altar, minmay_overflow_temple_star_quad,
          minmay_misc_feat_x, hex_large
D:3:      zin_statuary, first_bread
D:4:      nemelex_diamond_rough_becter

Action                   |  1- 3 |  4- 6 || total
-------------------------+-------+-------++-------
Melee: War axe           |   136 |    61 ||   197
  Use: Scroll            |     1 |     5 ||     6
       Potion            |       |     5 ||     5
  Eat: Bread ration      |     1 |     1 ||     2
       Beef jerky        |       |     1 ||     1
